[Event "Early-Titled-Tuesday-Blitz-January-30-2024"]
[Site "Chess.com"]
[Date "2024.01.30"]
[Round "1"]
[White "Lennis93"]
[Black "wild3000"]
[Result "1-0"]
[WhiteElo "2733"]
[BlackElo "2402"]
[TimeControl "180+1"]
[EndTime "8:07:29 PST"]
[Termination "Lennis93 won by checkmate"]

1. d4 Nf6 2. c4 e6 3. Nf3 d5 4. g3 Bb4+ 5. Bd2 a5 6. Qc2 O-O 7. Bg2 Nc6 8. O-O dxc4 9. Qxc4 Re8 10. a3 Bxd2 11. Nbxd2 a4 12. Rfd1 Bd7 13. Rac1 Na5 14. Qxc7 Qxc7 15. Rxc7 Bc6 16. Ne5 Bxg2 17. Kxg2 Rf8 18.
Rdc1 Nd5 19. R7c5 Rfd8 20. e3 h5 21. h4 g6 22. Rb5 Kf8 23. Ne4 Nb3 24. Rc4 b6 25.
Ng5 Ra7 26. Nexf7 Rxf7 27. Nxe6+ Ke7 28. Nxd8 Nxe3+ 29. fxe3 Kxd8 30. Rxa4 Nd2 31. Ra8+ Kc7 32. Ra7+ Kc6 33. Rxb6+ Kxb6 34. Rxf7 Nc4 35. Kf3 Nxb2 36. Rf6+ Kb5 37. Rxg6 Nc4 38. Rg5+ Ka4 39. Rxh5 Nxa3 40. g4 Nc4 41. g5 Nd2+ 42. Kf4 Kb4 43. g6 Nc4 44. g7 Nd6 45. g8=Q Kc3 46. Rc5+ Kd2 47. Qa2+ Kd3 48. Qc2# 1-0

[Event "Early-Titled-Tuesday-Blitz-January-30-2024"]
[Site "Chess.com"]
[Date "2024.01.30"]
[Round "1"]
[White "IwkooO"]
[Black "Aanna12"]
[Result "1-0"]
[WhiteElo "2643"]
[BlackElo "2313"]
[TimeControl "180+1"]
[EndTime "8:07:29 PST"]
[Termination "IwkooO won on time"]

1. e4 e5 2. Nf3 d6 3. d4 Nd7 4. Nc3 Ngf6 5. Bc4 Be7 6. O-O O-O 7. Re1 c6 8. a4 Qc7 9. h3 h6 10.
Be3 Re8 11. a5 Bf8 12. Qd3 exd4 13. Bxd4 Ne5 14. Nxe5 dxe5 15. Be3 Be6 16. Bxe6 Rxe6 17. Qc4 Nh5 18. Rad1 Qe7 19. Na4 Qh4 20. Rd7 Nf4 21.
Bxf4 exf4 22. Rxb7 f3 23. Re3 fxg2 24. Kxg2 Rf6 25. Qe2 Bd6 26. Nc3 Bc5 27. Rf3 Rg6+ 28. Kf1 Qg5 29. Rg3 Qc1+ 30. Qd1 Qf4 31. Qf3 Qc1+ 32. Kg2 Rxg3+ 33. Qxg3 Qxc2 34. Qf3 Rf8 35. b4 1-0

[Event "Early-Titled-Tuesday-Blitz-January-30-2024"]
[Site "Chess.com"]
[Date "2024.01.30"]
[Round "1"]
[White "RantomOpening"]
[Black "GMBenjaminBok"]
[Result "0-1"]
[WhiteElo "2515"]
[BlackElo "2952"]
[TimeControl "180+1"]
[EndTime "8:07:30 PST"]
[Termination "GMBenjaminBok won by checkmate"]

1. c4 Nf6 2. Nf3 e6 3. Nc3 d5 4. e3 Bd6 5. b3 O-O 6. Bb2 c6 7. d4 Nbd7 8. Be2 b6 9. O-O Bb7 10. Qc2 Qe7 11. Rad1 Rfd8 12. Rfe1 Bb4 13. Rf1 Rac8 14.
Ne5 Nxe5 15. dxe5 Nd7 16. f4 b5 17. Kh1 bxc4 18. bxc4 Nb6 19. Qb3 Bxc3 20. Bxc3 Ba6 21. Qb4 c5 22. Qa5 Bxc4 23. Rfe1 Bxe2 24. Rxe2 h6 25.
Qa6 Rb8 26. Ba5 Qb7 27. Qxb7 Rxb7 28. Rb1 Rdb8 29. Reb2 Kf8 30. Rb5 c4 31. Bb4+ Ke8 32.
Bd6 Rc8 33. a4 Rd7 34. a5 Na4 35. Rb8 Rdd8 36. R8b7 Rd7 37. Rb8 Rxb8 38. Rxb8+ Rd8 39. Rb7 Rc8 40. Re7+ Kd8 41. Rxf7 c3 42. Rf8+ Kd7 43.
Rf7+ Kc6 44. Ba3 c2 45. f5 Kb5 46. fxe6 c1=Q+ 47. Rf1 Qxf1# 0-1

[Event "Early-Titled-Tuesday-Blitz-January-30-2024"]
[Site "Chess.com"]
[Date "2024.01.30"]
[Round "1"]
[White "GaiozNigalidze"]
[Black "Matols"]
[Result "1-0"]
[WhiteElo "2702"]
[BlackElo "2379"]
[TimeControl "180+1"]
[EndTime "8:07:30 PST"]
[Termination "GaiozNigalidze won on time"]

1. d4 d5 2. c4 e6 3. Nf3 Nf6 4.
Nc3 a6 5. cxd5 exd5 6. Bf4 Be6 7.
Qb3 Ra7 8. g3 Bd6 9. Bg2 O-O 10.
O-O c6 11. Rfe1 Bxf4 12. gxf4 Ne4 13. e3 Nd7 14. Qa3 a5 15. Rac1 Re8 16. Nxe4 dxe4 17.
Ne5 Nxe5 18. dxe5 Bd5 19. Red1 Qh4 20. Qa4 Qg4 21. h3 Qe6 22. Kh2 b5 23. Qd4 Rd7 24.
b3 Red8 25. Qb6 a4 26. bxa4 bxa4 27. a3 f6 28. exf6 Qxf6 29. Qd4 Qh4 30. Kg1 h6 31.
Qxa4 Qe7 32. Qb4 Qf7 33. Bxe4 Bxe4 34. Rxd7 Qg6+ 35. Kf1 Qg2+ 36. Ke1 Qg1+ 37. Ke2 Qxc1 38. Rxd8+ Kh7 39. Qxe4+ 1-0

[Event "Early-Titled-Tuesday-Blitz-January-30-2024"]
[Site "Chess.com"]
[Date "2024.01.30"]
[Round "1"]
[White "LouieKov2022"]
[Black "Kiborg95"]
[Result "0-1"]
[WhiteElo "2465"]
[BlackElo "2838"]
[TimeControl "180+1"]
[EndTime "8:07:31 PST"]
[Termination "Kiborg95 won on time"]

1. e4 d6 2. d4 Nf6 3. Nc3 Nbd7 4. Be3 e5 5. f3 Be7 6. Qd2 c6 7. g4 h6 8. Nge2 b5 9. Ng3 b4 10. Nce2 d5 11. Nf5 Bf8 12. O-O-O Qa5 13. Kb1 dxe4 14.
dxe5 Nxe5 15. Ned4 Nxf3 16. Nxf3 Bxf5 17. gxf5 exf3 18.
Bc4 Qxf5 19. Rhe1 Be7 20. Bxh6 Ne4 21. Qd4 Rxh6 22. Rxe4 Rf6 23. Qe3 Kf8 24. Rxe7 f2 25. Bf1 g6 26. Rdd7 Kg7 27. b3 Rh8 28. Qd4 Rf8 29.
Kb2 c5 30. Qd2 Rh8 0-1

[Event "Early-Titled-Tuesday-Blitz-January-30-2024"]
[Site "Chess.com"]
[Date "2024.01.30"]
[Round "1"]
[White "Byniolus"]
[Black "TheoSlade"]
[Result "1-0"]
[WhiteElo "2820"]
[BlackElo "2463"]
[TimeControl "180+1"]
[EndTime "8:07:31 PST"]
[Termination "Byniolus won on time"]

1. d4 d5 2. Nf3 e6 3. Bf4 c5 4.
c3 Nc6 5. e3 Nf6 6. Nbd2 Bd6 7.
Bg3 O-O 8. Bd3 b6 9. Ne5 Ne7 10. f4 Nf5 11. Bf2 Be7 12. Nc6 Qc7 13. Nxe7+ Qxe7 14. g4 Nd6 15. Bh4 Bb7 16. Qc2 g6 17. O-O-O Kg7 18.
f5 exf5 19. gxf5 Qxe3 20. Rhg1 cxd4 21. fxg6 fxg6 22. Bxg6 dxc3 23. bxc3 Kh8 24. Bg5 Qc5 25. Bd3 Rac8 26. Kb2 Nc4+ 27. Bxc4 dxc4 28. Rdf1 Nd7 29. Bh6 Rg8 30. Rxg8+ Rxg8 31. Ne4 Qh5 32. Be3 Qg6 33.
Bd4+ Rg7 34. Re1 Bxe4 35. Rxe4 Qg4 36. Rxg4 1-0

[Event "Early-Titled-Tuesday-Blitz-January-30-2024"]
[Site "Chess.com"]
[Date "2024.01.30"]
[Round "1"]
[White "Luklei18"]
[Black "Agibileg"]
[Result "0-1"]
[WhiteElo "2411"]
[BlackElo "2762"]
[TimeControl "180+1"]
[EndTime "8:07:31 PST"]
[Termination "Agibileg won on time"]

1. d4 Nf6 2. Nc3 d5 3. Bf4 g6 4. e3 Bg7 5. h4 h5 6. Nf3 O-O 7. Qd2 c5 8. Ne5 Bf5 9. O-O-O Nc6 10. Bb5 Rc8 11. Bxc6 bxc6 12. dxc5 Qa5 13. Nd3 Nd7 14. Kb1 e5 15. Nxd5 Qxd2 16. Ne7+ Kh7 17. Rxd2 exf4 18.
Nxc8 fxe3 19. fxe3 Rxc8 20. Re1 Nf6 21. Nf2 Re8 22. Rd6 Ne4 23. Nxe4 Bxe4 24. Rd7 a5 25. Rxf7 Rb8 26. b3 a4 27. Rd1 axb3 28. axb3 Ra8 29.
Kc1 Kh6 30. Rdd7 Rg8 31. g3 g5 32. Rd6+ Kh7 33. hxg5 Kh8 34. g6 Ra8 35. Rdd7 Bc3 36. Rh7+ Kg8 37. Rdg7+ Bxg7 38. Rxh5 Bc3 39. Kd1 Bf3+ 0-1

[Event "Early-Titled-Tuesday-Blitz-January-30-2024"]
[Site "Chess.com"]
[Date "2024.01.30"]
[Round "1"]
[White "Imagine_Drag0n"]
[Black "Slovineanu"]
[Result "1-0"]
[WhiteElo "2784"]
[BlackElo "2435"]
[TimeControl "180+1"]
[EndTime "8:07:32 PST"]
[Termination "Imagine_Drag0n won by resignation"]

1. e4 c6 2. d4 d5 3. f3 dxe4 4. fxe4 e5 5. Nf3 Be6 6. Nc3 Nd7 7. Be3 Ngf6 8. Qd2 Bb4 9. Bd3 O-O 10. a3 Bxc3 11. bxc3 c5 12. d5 Bg4 13. O-O Ne8 14.
Qf2 Bxf3 15. gxf3 b6 16. f4 exf4 17. Bxf4 Qe7 18. e5 Nxe5 19. Rae1 Nxd3 20. Rxe7 Nxf2 21.
Rxf2 Nf6 22. c4 Rfe8 23. Rfe2 Rxe7 24. Rxe7 h6 25. Rb7 Re8 26. d6 Re4 27. Bg3 Rxc4 28. Be5 Rxc2 29. Bxf6 gxf6 30. d7 Rd2 31. Rb8+ Kg7 32.
d8=Q Rxd8 33. Rxd8 c4 34. Kf2 f5 35. Rc8 b5 36. Rc5 a6 37. Rxf5 Kg6 38. Rc5 f6 39. Rc6 a5 40. Rc5 b4 41. axb4 1-0

[Event "Early-Titled-Tuesday-Blitz-January-30-2024"]
[Site "Chess.com"]
[Date "2024.01.30"]
[Round "1"]
[White "Klavdia_Nik"]
[Black "Casablanca"]
[Result "0-1"]
[WhiteElo "2139"]
[BlackElo "2572"]
[TimeControl "180+1"]
[EndTime "8:07:32 PST"]
[Termination "Casablanca won on time"]

1. Nf3 Nf6 2. c4 c5 3. b3 g6 4. Bb2 Bg7 5. g3 O-O 6. Bg2 Nc6 7. O-O d6 8. d4 cxd4 9. Nxd4 Bd7 10. Nc2 Rc8 11. Nc3 a6 12. Rb1 Ne5 13. e4 b5 14.
cxb5 axb5 15. Ne3 Nfg4 16. Ncd5 Nxe3 17. Nxe3 Be6 18. h3 Qb6 19. Kh2 Ra8 20. a3 Rfc8 21.
Nd5 Bxd5 22. exd5 Ra7 23. Bd4 Qa6 24. Bxa7 Qxa7 25. a4 b4 26. Rc1 Rb8 27. Qc2 Bf6 28. f4 Nd7 29. Qc7 Qxc7 30. Rxc7 Nc5 31. Rb1 Kf8 32.
Bf1 Ra8 33. Bb5 Bc3 34. Kg2 Bd4 35. Kf3 Ra5 36. Bc4 h6 37. Re1 Bf6 38. g4 Ra8 39. Rg1 g5 40. Re1 Ke8 0-1

[Event "Early-Titled-Tuesday-Blitz-January-30-2024"]
[Site "Chess.com"]
[Date "2024.01.30"]
[Round "1"]
[White "mac0504"]
[Black "Shodikulov_Jamshid1990"]
[Result "1-0"]
[WhiteElo "2729"]
[BlackElo "2397"]
[TimeControl "180+1"]
[EndTime "8:07:33 PST"]
[Termination "mac0504 won by resignation"]

1. c4 Nf6 2. Nc3 c5 3. g3 e6 4. Bg2 Nc6 5. e3 d5 6. cxd5 exd5 7. d3 Be7 8. Nge2 O-O 9. O-O Re8 10. h3 Bf5 11. b3 Qd7 12. Kh2 h6 13. Bb2 Rad8 14. d4 b6 15. a3 c4 16. bxc4 dxc4 17. e4 Bh7 18. e5 Nh5 19. Nd5 Bf8 20. g4 Bd3 21. gxh5 Qf5 22. Ng3 Qg5 23. f4 Qh4 24. Rf3 Bh7 25. Ne3 Rd7 26. Nef5 Qd8 27. Qg1 Na5 28. Rd1 Kh8 29. Rf2 b5 30. d5 Nb3 31.
Re2 Nc5 32. Bd4 Nd3 33. Qe3 a6 34. d6 Qc8 35. Be4 g6 36. hxg6 Bxg6 37. e6+ Kh7 38. exd7 Qxd7 39. Rxd3 cxd3 40. Qxd3 Bxd6 41. Nxd6 Qxd6 42.
Bxg6+ fxg6 43. Rxe8 1-0

[Event "Early-Titled-Tuesday-Blitz-January-30-2024"]
[Site "Chess.com"]
[Date "2024.01.30"]
[Round "1"]
[White "Iskusnyh"]
[Black "Laico"]
[Result "1-0"]
[WhiteElo "2668"]
[BlackElo "2347"]
[TimeControl "180+1"]
[EndTime "8:07:33 PST"]
[Termination "Iskusnyh won on time"]

1. d4 e6 2. c4 f5 3. g3 Nf6 4. Bg2 Be7 5. Nc3 O-O 6. e3 Bb4 7. Ne2 d6 8. O-O Nc6 9. a3 Bxc3 10.
Nxc3 e5 11. b4 Rb8 12. Bb2 Qe8 13. Nd5 Qf7 14. b5 Na5 15. dxe5 Nxd5 16. Bxd5 Be6 17.
exd6 Nxc4 18. Bxc4 Bxc4 19. dxc7 Rbc8 20. Be5 Bxf1 21. Qxf1 Qd5 22. Bf4 h6 23. h4 g5 24.
hxg5 hxg5 25. Rd1 Qf3 26. Qc4+ Kh7 27. Rd7+ Kg6 28. Be5 Rce8 29. Qd4 f4 30. exf4 gxf4 31. Rg7+ Kh5 32. g4+ Kh4 33. Bf6+ Kh3 34. Rh7+ Kxg4 35. Qd7+ 1-0

[Event "Early-Titled-Tuesday-Blitz-January-30-2024"]
[Site "Chess.com"]
[Date "2024.01.30"]
[Round "1"]
[White "Dream2World_Number1"]
[Black "mbchess97"]
[Result "0-1"]
[WhiteElo "2645"]
[BlackElo "2363"]
[TimeControl "180+1"]
[EndTime "8:07:33 PST"]
[Termination "mbchess97 won on time"]

1. e4 d6 2. d4 e5 3. Nf3 exd4 4. Nxd4 g6 5. Nc3 Bg7 6. Bf4 Nc6 7. Nb3 a5 8. Bb5 Bd7 9. O-O Ne5 10. Bxd7+ Qxd7 11. Nd5 Ne7 12. Bh6 O-O 13. Bxg7 Kxg7 14. f4 Nxd5 15.
exd5 Ng4 16. f5 Ne5 17. f6+ Kh8 18. Nc1 Qa4 19. Qd2 Qh4 20. Nd3 Qd4+ 21. Kh1 Qxd5 22.
Qh6 Rg8 23. Nf4 Qe4 24. Rae1 Qf5 25. Nd5 Qxc2 26. Ne7 Qxb2 27. Re3 Ng4 28. Rh3 Nxh6 29. Rxh6 Rae8 30. Rf3 Qxf6 31. Rxf6 Kg7 0-1

[Event "Early-Titled-Tuesday-Blitz-January-30-2024"]
[Site "Chess.com"]
[Date "2024.01.30"]
[Round "1"]
[White "ChessboArt"]
[Black "Kunalm64"]
[Result "0-1"]
[WhiteElo "2192"]
[BlackElo "2581"]
[TimeControl "180+1"]
[EndTime "8:07:33 PST"]
[Termination "Kunalm64 won on time"]

1. Nf3 Nf6 2. g3 d5 3. Bg2 c6 4. b3 Bf5 5. Bb2 e6 6. d3 h6 7. Nbd2 Bh7 8. O-O Be7 9. Qe1 O-O 10. e4 c5 11. Ne5 Nc6 12. Nxc6 bxc6 13. e5 Nd7 14. Qe2 Nb6 15. a4 a5 16. Kh1 Rc8 17. f4 c4 18. dxc4 Bxc2 19. Rac1 Bh7 20. c5 Nd7 21.
Bd4 Rb8 22. g4 Rb4 23. Qe3 Qa8 24. f5 Bg5 25. Qd3 f6 26. exf6 Nxf6 27. Bc3 Rxg4 28. Bh3 Bxf5 29. Rxf5 exf5 30. Bxg4 Nxg4 31. Qg3 Qd8 32.
h3 Nf6 33. Rf1 Bxd2 34. Bxd2 Ne4 35. Qf4 Nxd2 36. Qxd2 Qh4 37. Kh2 f4 38. Qd3 Re8 39. Qf3 Re7 40. Qxf4 Re2+ 41. Kg1 Qxh3 0-1

[Event "Early-Titled-Tuesday-Blitz-January-30-2024"]
[Site "Chess.com"]
[Date "2024.01.30"]
[Round "1"]
[White "Mesa_1"]
[Black "C_K_G"]
[Result "1-0"]
[WhiteElo "2573"]
[BlackElo "2140"]
[TimeControl "180+1"]
[EndTime "8:07:33 PST"]
[Termination "Mesa_1 won on time"]

1. d4 d5 2. c4 e6 3. Nc3 Nf6 4. Nf3 c6 5. e3 Bd6 6. Bd3 Nbd7 7. O-O O-O 8. e4 dxe4 9. Nxe4 Nxe4 10. Bxe4 h6 11. Bc2 Re8 12. Re1 Qf6 13. Qd3 Nf8 14. Bd2 b6 15. Bc3 Bb7 16. c5 Bc7 17. d5 Qf4 18. d6 Bd8 19. Be5 Qg4 20. Re4 Qg6 21. Qc3 f5 22. Re2 Nd7 23. b4 Bf6 24.
Rae1 bxc5 25. bxc5 Bc8 26. Bb3 Nxe5 27. Nxe5 Bxe5 28.
Rxe5 Bd7 29. h3 Rab8 30. Qa5 Rb7 31. Qa6 Reb8 32. Qe2 Re8 33. Qf3 Kh7 34. h4 h5 35.
g3 Rb4 36. Kh2 Rg4 37. Bc2 Kh8 38. Rb1 Qf6 39. Ree1 Rd8 40. Rb7 a5 41. Bb3 f4 42.
Kg2 g5 43. Bc2 gxh4 44. Qe4 Qg7 45. Qe5 hxg3 46. Qxh5+ Kg8 47. f3 Rg5 48. Qh4 1-0

[Event "Early-Titled-Tuesday-Blitz-January-30-2024"]
[Site "Chess.com"]
[Date "2024.01.30"]
[Round "1"]
[White "MFatigue"]
[Black "DavidGavrilescu18"]
[Result "0-1"]
[WhiteElo "2458"]
[BlackElo "2813"]
[TimeControl "180+1"]
[EndTime "8:07:34 PST"]
[Termination "DavidGavrilescu18 won on time"]

1. e4 c5 2. a3 g6 3. h4 Bg7 4. h5 Nc6 5. c3 d5 6. d3 dxe4 7. dxe4 Qxd1+ 8. Kxd1 gxh5 9. Be3 b6 10. Bb5 Bd7 11. Kc2 Nf6 12. Bxc6 Bxc6 13. f3 O-O-O 14.
Nd2 Rhg8 15. Nh3 Bh8 16. Rag1 e5 17. Nc4 Ne8 18. Ng5 Bb5 19. Nd2 Rd7 20. c4 Ba4+ 21.
b3 Bc6 22. Rxh5 f6 23. Nh3 Nc7 24. g4 Ne6 25. g5 Nd4+ 26. Bxd4 exd4 27. gxf6 Rxg1 28.
Nxg1 d3+ 29. Kc3 Bxf6+ 30. e5 Bg7 31. f4 Rf7 32. Nh3 Bd7 33. Ng5 Rxf4 34. Nxh7 Rf5 35. Rxf5 Bxf5 36. Nf6 Kd8 37. Nf3 a5 38. Kd2 Kc7 39.
Nd5+ Kb7 40. Ke3 Bh6+ 41. Nf4 Kc6 42. a4 Kd7 43. Nh4 Bh7 44. Nf3 Ke7 45. Nd2 Bf5 46. Nf3 Bg4 47. Nd2 Kf7 48. Ne4 Bd1 49. Nf2 Bc2 0-1

[Event "Early-Titled-Tuesday-Blitz-January-30-2024"]
[Site "Chess.com"]
[Date "2024.01.30"]
[Round "1"]
[White "otrov-11"]
[Black "h4parah5"]
[Result "0-1"]
[WhiteElo "2498"]
[BlackElo "2893"]
[TimeControl "180+1"]
[EndTime "8:07:35 PST"]
[Termination "h4parah5 won by checkmate"]

1. d4 Nf6 2. c4 e6 3. g3 c5 4. d5 exd5 5. cxd5 d6 6. Nc3 g6 7. Bg2 Bg7 8. Nf3 O-O 9. O-O Re8 10. Nd2 a6 11. a4 Nbd7 12. a5 Rb8 13. Nc4 Ne5 14.
Nxe5 Rxe5 15. e4 b5 16. axb6 Rxb6 17. Qc2 Re8 18. h3 Rb4 19. Be3 Nd7 20. f4 Nb6 21. Bf2 Nc4 22. b3 Na5 23. Ra3 c4 24. bxc4 Nxc4 25. Ra4 Rb2 26. Qc1 Nb6 27. Ra3 Rb4 28. Ne2 Nc4 29. Rd3 a5 30. Nd4 Bd7 31. Re1 a4 32. Nc6 Bxc6 33. dxc6 a3 34. e5 a2 35. Rd4 Qa5 36. Rxc4 Rxc4 37. Qxc4 Qxe1+ 38. Bxe1 a1=Q 39. Kf1 dxe5 40. c7 exf4 41. c8=Q Qxe1# 0-1

[Event "Early-Titled-Tuesday-Blitz-January-30-2024"]
[Site "Chess.com"]
[Date "2024.01.30"]
[Round "1"]
[White "MalyDominator"]
[Black "ContrVersia"]
[Result "0-1"]
[WhiteElo "2481"]
[BlackElo "2861"]
[TimeControl "180+1"]
[EndTime "8:07:35 PST"]
[Termination "ContrVersia won by resignation"]

1. e4 c5 2. Nf3 a6 3. c4 Nc6 4. d4 cxd4 5. Nxd4 e5 6. Nf5 d6 7. Nc3 g6 8. Ne3 Bh6 9. Be2 Be6 10. O-O Nf6 11. Qd3 O-O 12. Rd1 Nd4 13. Bf1 Rc8 14. b3 Kg7 15. Ne2 Nxe2+ 16. Bxe2 Qa5 17. Bd2 Qb6 18. h3 Rfd8 19. Nf5+ Bxf5 20. Bxh6+ Kxh6 21. exf5 d5 22. fxg6 hxg6 23. cxd5 Nxd5 24. Qg3 Nf4 25.
Bf1 Kg7 26. Qf3 Qc7 27. g3 Ne6 28. Bg2 b5 29. Qb7 Nd4 30. Qe4 a5 31. h4 Re8 32.
Kh2 Rcd8 33. Rac1 Qe7 34. Rc3 Rd6 35. Rcd3 Red8 36. Qe3 f6 37. R1d2 Qc7 38. Qe4 b4 39. Qe3 Qc5 40. Qe4 f5 41. Qb7+ R8d7 42. Qb8 e4 43.
Qe8 exd3 0-1

[Event "Early-Titled-Tuesday-Blitz-January-30-2024"]
[Site "Chess.com"]
[Date "2024.01.30"]
[Round "1"]
[White "sofaceindisguise"]
[Black "MasterKroket"]
[Result "1-0"]
[WhiteElo "2777"]
[BlackElo "2430"]
[TimeControl "180+1"]
[EndTime "8:07:35 PST"]
[Termination "sofaceindisguise won by resignation"]

1. e4 c5 2. Nf3 e6 3. d4 cxd4 4. Nxd4 Nf6 5. Nc3 Nc6 6. Nxc6 bxc6 7. e5 Nd5 8. Ne4 Qc7 9. f4 Qb6 10. a3 f5 11. exf6 Nxf6 12. Nxf6+ gxf6 13. Qh5+ Kd8 14. Bd3 Ba6 15. Bd2 d5 16. Bxa6 Qxa6 17. Qf7 Bd6 18.
O-O-O Rb8 19. Bc3 Rf8 20. Qxe6 Kc7 21. g3 Rfe8 22. Qf5 Re2 23. Qxh7+ Kc8 24. Qd3 Qxd3 25. Rxd3 f5 26. h4 Rb7 27. h5 Rh7 28. h6 Bf8 29.
Rd2 Re6 30. Rdh2 Rexh6 31. Rxh6 Rxh6 32. Rxh6 Bxh6 33. Kd2 c5 34. Be5 Kd7 35. b3 Bf8 36. Kd3 Ke6 37. c4 a6 38. Bc3 Be7 39. Ke2 Bd8 40. Kf3 Be7 41. g4 Bd8 42. g5 dxc4 43. bxc4 Kf7 44. Be5 Be7 45. Ke3 Bf8 46. Kd3 Be7 47. Kc3 Ke6 48. Kb3 Bxg5 49. Bc7 Bh4 50. Ka4 Be1 51. Ba5 Bg3 52. Bd2 Kd6 53. Ka5 Kc6 54.
Kxa6 Bf2 55. Ka7 Bd4 56. Kb8 Bb2 57. a4 Kb6 58. Kc8 Kc6 59. a5 Bf6 60. Be3 Kd6 61. a6 1-0

[Event "Early-Titled-Tuesday-Blitz-January-30-2024"]
[Site "Chess.com"]
[Date "2024.01.30"]
[Round "1"]
[White "AradNazari"]
[Black "UK_23"]
[Result "0-1"]
[WhiteElo "2690"]
[BlackElo "2401"]
[TimeControl "180+1"]
[EndTime "8:07:35 PST"]
[Termination "UK_23 won on time"]

1. d4 d5 2. Nf3 Nf6 3. e3 g6 4.
Bd3 Bg7 5. O-O O-O 6. b3 b6 7.
Bb2 Bb7 8. Nbd2 Nbd7 9. c4 e6 10. Qc2 Rc8 11. c5 c6 12. b4 Qe7 13. Rfe1 Nh5 14. e4 dxe4 15. Nxe4 Nf4 16. Nd6 Rc7 17. Bc4 Nf6 18. Ne5 Ba8 19. Bc1 N4d5 20. Bg5 Nxb4 21. Qd2 Nbd5 22. Bxd5 cxd5 23. Qf4 h6 24. Bxh6 Nh5 25. Qe3 bxc5 26. Bxg7 Kxg7 27. dxc5 Qf6 28.
Rac1 Qf4 29. Qc3 d4 30. Qa5 Qg5 31. f3 Re7 32. c6 Nf4 33. Rc2 d3 34. Rd2 Ne2+ 35.
Rexe2 dxe2 0-1

[Event "Early-Titled-Tuesday-Blitz-January-30-2024"]
[Site "Chess.com"]
[Date "2024.01.30"]
[Round "1"]
[White "Nekoo04"]
[Black "Hasangatin_Ramil"]
[Result "0-1"]
[WhiteElo "2379"]
[BlackElo "2699"]
[TimeControl "180+1"]
[EndTime "8:07:36 PST"]
[Termination "Hasangatin_Ramil won on time"]

1. d4 d6 2. e4 Nf6 3. Nc3 e5 4. f4 exd4 5. Qxd4 Be7 6. Nf3 O-O 7. h3 c6 8. Be3 b5 9. O-O-O Qa5 10. a3 Bb7 11. e5 dxe5 12. fxe5 Nfd7 13. e6 fxe6 14. Qg4 Nc5 15. Bd4 Rf7 16. Ne5 h5 17. Qg6 Rf6 18. Qe8+ Bf8 19. Bxc5 Na6 20. Qxh5 Nxc5 21.
Ng4 Rf5 22. Qg6 Kh8 23. Rd4 Rd8 24. Rxd8 Qxd8 25. b4 Qd4 26. bxc5 Qxc3 27. Bd3 Qa1+ 28. Kd2 Qxh1 29. Bxf5 Qxg2+ 30. Kc1 Qf1+ 31. Kb2 Qxf5 32. Qe8 Kg8 33. Qb8 Ba6 34. Qxa7 Bc8 35. Qc7 e5 36. Nxe5 Be6 37. Nxc6 Qf6+ 38. Kc1 Bd5 39. Kd2 Bxc6 0-1

[Event "Early-Titled-Tuesday-Blitz-January-30-2024"]
[Site "Chess.com"]
[Date "2024.01.30"]
[Round "1"]
[White "Doomfist26"]
[Black "GMJustin"]
[Result "0-1"]
[WhiteElo "2612"]
[BlackElo "2317"]
[TimeControl "180+1"]
[EndTime "8:07:36 PST"]
[Termination "GMJustin won by resignation"]

1. d4 Nf6 2. c4 g6 3. Nc3 Bg7 4.
e4 d6 5. Be2 O-O 6. Nf3 e5 7.
d5 a5 8. h3 Na6 9. Bg5 h6 10.
Be3 Nc5 11. Nd2 Ne8 12. Qc2 f5 13. O-O-O f4 14. Bxc5 dxc5 15. Bg4 Nd6 16. f3 h5 17. Bxc8 Qxc8 18. Nb5 a4 19. a3 Qd7 20. Kb1 Nxb5 21. cxb5 Qxb5 22. Rc1 b6 23. Nc4 Rfd8 24. Rhd1 Qe8 25. d6 b5 26. dxc7 Rxd1 27. Qxd1 bxc4 28. Qd5+ Kh7 29. Rxc4 Rc8 30. Rxc5 Qe7 31. Rc6 Rxc7 32. Rd6 Qf7 33. Qxf7 Rxf7 34. Ra6 Rd7 35. Kc2 Rd4 36. Re6 Kh6 37. Re8 Kg5 38. Rg8 Bf6 39. h4+ Kxh4 40.
Rxg6 Be7 41. Rg7 Bc5 42. Rg6 Rc4+ 43. Kd3 Rc1 44. Rg8 Bd4 45. Rb8 Rg1 46. b4 axb3 47. Rxb3 Rxg2 48. a4 Ra2 49. Rb4 Kg3 0-1

[Event "Early-Titled-Tuesday-Blitz-January-30-2024"]
[Site "Chess.com"]
[Date "2024.01.30"]
[Round "1"]
[White "Natalya_Buksa"]
[Black "Doublekk14"]
[Result "1-0"]
[WhiteElo "2605"]
[BlackElo "2245"]
[TimeControl "180+1"]
[EndTime "8:07:36 PST"]
[Termination "Natalya_Buksa won on time"]

1. d4 Nf6 2. Nc3 d5 3. Bf4 e6 4. Nb5 Na6 5. e3 c6 6. Nc3 Bd6 7. Nf3 Nc7 8. Be2 Bxf4 9. exf4 O-O 10. O-O Nce8 11. Bd3 Nd6 12. Re1 b6 13. Ne5 Bb7 14. b4 Rc8 15. Rb1 c5 16. bxc5 bxc5 17. dxc5 Rxc5 18. Ne2 Qc7 19. Nd4 Nfe4 20. Qh5 g6 21. Qh3 Nf5 22. Ndf3 f6 23. Ng4 h5 24. Ne3 Bc8 25. Nxf5 exf5 26. Nh4 Kf7 27. f3 Nd6 28. Qg3 Rg8 29. Qh3 Bd7 30. Re2 Re8 31. Qg3 Rg8 32. Rbe1 Qd8 33. Nxg6 Ne4 34. Nh8+ Rxh8 35. fxe4 fxe4 36.
f5 Rg8 37. Qh4 Rg5 38. Qf2 Qb6 39. h4 Rxf5 40. Qg3 Rxc2+ 41. Kh1 Rxe2 42. Bxe2 Qf2 43. Bxh5+ Ke6 44. Qg8+ Kd6 45. Qf8+ Ke5 46. Qb8+ Kd4 47. Rd1+ Kc4 48. Qc7+ Kb4 49. Rb1+ 1-0

[Event "Early-Titled-Tuesday-Blitz-January-30-2024"]
[Site "Chess.com"]
[Date "2024.01.30"]
[Round "1"]
[White "agvania123"]
[Black "Vsevolod_Ovchinnikov"]
[Result "0-1"]
[WhiteElo "2245"]
[BlackElo "2606"]
[TimeControl "180+1"]
[EndTime "8:07:38 PST"]
[Termination "Vsevolod_Ovchinnikov won by resignation"]

1. e4 g6 2. d4 Bg7 3. Nf3 d6 4. Bd3 Nf6 5. c3 O-O 6. O-O Nc6 7. Bg5 Bg4 8. Nbd2 h6 9. Bh4 e5 10. d5 Ne7 11. h3 Bd7 12. c4 b6 13. b4 a5 14. a3 Nh5 15. c5 Nf4 16. Nc4 axb4 17. cxd6 cxd6 18. Nxd6 g5 19. Bg3 bxa3 20. Bxf4 exf4 21.
e5 Nxd5 22. Bc2 Nb4 23. Be4 Bc6 24. Bxc6 Nxc6 25. Qd5 Qd7 26. Rfc1 Ne7 27. Qb3 Ng6 28. Qd5 Ra5 29. Qb7 Qxb7 30. Nxb7 Ra7 31. Nd6 Nxe5 32.
Ra2 Nxf3+ 33. gxf3 Rfa8 34. Ne4 b5 35. Rb1 Rb8 36.
Rb4 Bf8 37. Rb3 b4 38. Nf6+ Kh8 39. Nd5 Rab7 40. Rc2 Rb5 41. Nf6 Rd8 42. Ne4 Ra5 43. Ra2 Rad5 44. Rc2 Kg7 45. Kg2 Rd3 46. Rb1 b3 47.
Rc7 b2 48. Ra7 R8d7 49. Ra6 Rb7 50. Nf6 Rc3 51. Nh5+ Kh7 52. Nf6+ Kh8 53. Nh5 Rc1 54. Ra8 Rxb1 55. Rxf8+ Kh7 56. Nf6+ Kg6 0-1

[Event "Early-Titled-Tuesday-Blitz-January-30-2024"]
[Site "Chess.com"]
[Date "2024.01.30"]
[Round "1"]
[White "Zavgorodniy_Sergiy"]
[Black "Attacks_Hurricane"]
[Result "1-0"]
[WhiteElo "2600"]
[BlackElo "2229"]
[TimeControl "180+1"]
[EndTime "8:07:38 PST"]
[Termination "Zavgorodniy_Sergiy won by checkmate"]

1. e4 c5 2. Nf3 a6 3. c3 d6 4. d4 Qc7 5. Bd3 g6 6. dxc5 Qxc5 7. Be3 Qc7 8. c4 Bg7 9. Nc3 Be6 10. O-O Nf6 11.
Nd5 Bxd5 12. cxd5 Nbd7 13. Rc1 Qa5 14. Qb3 b5 15. Nd4 Nc5 16. Rxc5 dxc5 17. Nc6 c4 18. Bxc4 Qa4 19. Qxa4 bxa4 20. e5 Nd7 21. f4 e6 22.
dxe6 fxe6 23. Bxe6 Nb8 24. Na5 Ke7 25. Bd5 Nd7 26.
Bxa8 Rxa8 27. Nc6+ Ke6 28. Rd1 Bf8 29. Nd4+ Ke7 30.
Bd2 Rc8 31. Bb4+ Ke8 32. Bxf8 Nxf8 33. Rd2 Rd8 34. Kf2 Ne6 35. Ke3 Nc7 36. Nc6 Rxd2 37.
Kxd2 Nd5 38. g3 h6 39. a3 g5 40. Nb4 Nxb4 41. axb4 gxf4 42. gxf4 Ke7 43. f5 Kf7 44. Ke3 Ke7 45. Kd4 h5 46. Kc5 h4 47. Kb6 h3 48.
Kxa6 Kd7 49. Ka5 a3 50. bxa3 Ke7 51. b5 Kd7 52. Kb6 Kc8 53. a4 Kb8 54. f6 Kc8 55. e6 Kd8 56. a5 Ke8 57. a6 Kd8 58. a7 Ke8 59. a8=Q# 1-0